 Dungeon Crawl Stone Soup version 0.19.1 (webtiles) character file.

13114 Krapule the Fighter (level 12, -4/70 HPs)
             Began as a Gargoyle Fighter on Dec 3, 2016.
             Was an Elder of Hepliaklqana.
             Killed from afar by an orc sorcerer (12 damage)
             ... with a bolt of fire
             ... on level 1 of the Orcish Mines.
             The game lasted 00:35:21 (11057 turns).

Krapule the Fighter (Gargoyle Fighter)             Turns: 11057, Time: 00:35:22

Health: -4/70      AC: 29    Str: 26    XL:     12   Next: 2%
Magic:  18/18      EV:  9    Int:  8    God:    Hepliaklqana [****..]
Gold:   1350       SH: 12    Dex: 11    Spells: 0 memorised, 11 levels left

rFire  . . .     SeeInvis .     l - +0 mace (drain)
rCold  . . .     Gourm    .     Q - +4 scale mail of the King of the Hill {rPois Dex+2 Stlth-}
rNeg   + . .     Faith    +     c - +0 shield
rPois  ∞         Spirit   .     q - +0 helmet
rElec  +         Reflect  .     b - +0 cloak
rCorr  +         Harm     .     E - +0 pair of gloves
MR     .....                    I - +2 pair of boots
Stlth  ..........               C - amulet of faith
                                K - ring of resist corrosion
                                L - ring of flight

@: drained
A: reduced essence, negative energy resistance 1, electricity resistance,
unbreathing, petrification resistance, rot immunity, AC +8
a: Recall Ancestor, Ancestor Identity, Transference, Idealise, Renounce
Religion, Evoke Flight


You were on level 1 of the Orcish Mines.
You worshipped Hepliaklqana.
Hepliaklqana was greatly pleased with you.
You were hungry.

You visited 3 branches of the dungeon, and saw 12 of its levels.

You collected 1587 gold pieces.
You spent 237 gold pieces at shops.

Inventory:

Hand Weapons
 l - a +0 mace of draining (weapon)
Missiles
 H - 4 throwing nets (quivered)
Armour
 b - a +0 cloak (worn)
 c - a +0 shield (worn)
 q - a +0 helmet (worn)
 r - a +2 scale mail of magic resistance
 E - a +0 pair of gloves (worn)
 G - the +4 chain mail "Maecveh" {rPois rCorr Int-4}
   (You bought it in a shop on level 6 of the Dungeon)

   It affects your intelligence (-4).
   It protects you from poison.
   It protects you from acid and corrosion.
 I - a +2 pair of boots (worn)
 Q - the +4 scale mail of the King of the Hill (worn) {rPois Dex+2 Stlth-}
   (You found it on level 9 of the Dungeon)

   It affects your dexterity (+2).
   It protects you from poison.
   It makes you less stealthy.
Magical Staves
 t - an uncursed staff of cold
Jewellery
 g - a +3 ring of intelligence
 m - an uncursed amulet of guardian spirit
 C - an amulet of faith (around neck)
 K - a ring of resist corrosion (right hand)
 L - a ring of flight (left hand)
Wands
 B - a wand of digging (8/24)
Scrolls
 h - 4 scrolls of immolation
 i - a scroll of magic mapping
 n - 4 scrolls of teleportation
 o - 2 scrolls of remove curse
 s - 2 scrolls of random uselessness
 w - 3 scrolls of blinking {unknown}
 y - 2 scrolls of enchant weapon {unknown}
 D - a scroll of noise {unknown}
 J - 2 scrolls of enchant armour {unknown}
 N - a scroll of fog {unknown}
Potions
 a - a potion of agility
 d - 2 potions of might
 e - 2 potions of brilliance
 j - a potion of lignification
 k - 2 potions of degeneration
 p - 4 potions of curing
 v - 3 potions of haste
 x - a potion of invisibility
 F - a potion of magic
 R - a potion of flight {unknown}
Comestibles
 f - 11 bread rations
 u - 3 meat rations
 z - a fruit
 A - a royal jelly
 M - 3 beef jerkies
 O - 8 slices of pizza


   Skills:
 + Level 10.4(9.9) Fighting
 + Level 7.8(7.3) Maces & Flails
 + Level 10.3(9.8) Armour
 + Level 10.3(9.8) Shields
 + Level 8.8(8.3) Invocations


You had 11 spell levels left.
You didn't know any spells.

Dungeon Overview and Level Annotations

Branches:
Dungeon (9/15)             Temple (1/1) D:5            Lair (0/6) D:9
    Orc (2/2) D:9             Elf (0/3) Orc:2

Altars:
Ashenzari
Cheibriados
Dithmenos
Elyvilon
Fedhas
Gozag
Hepliaklqana
Kikubaaqudgha
Makhleb
Nemelex Xobeh
Okawaru
Qazlal
Ru
Sif Muna
Trog
Uskayaw
Vehumet
Xom
Yredelemnul
Zin
The Shining One
Beogh

Shops:
D:6 [   D:8 %%:   D:9 (   Orc:1 =


Innate Abilities, Weirdness & Mutations

You are resistant to torment.
Your stone body is resilient. (AC +8)
You are immune to poison.
You resist negative energy. (rN+)
You are resistant to electric shocks. (rElec)
You can survive without breathing.
You are immune to petrification.
You are immune to rotting.
Your life essence is reduced. (-10% HP)


Message History

You thump the orc sorcerer!
The orc sorcerer is heavily wounded.
You block the orc sorcerer's attack.
You hit the orc sorcerer but do no damage.
You drain the orc sorcerer!
The orc sorcerer is heavily wounded.
The orc sorcerer hits you but does no damage.
You closely miss the orc sorcerer.
The orc sorcerer is heavily wounded.
The orc sorcerer points at you and mumbles some strange words.
The bolt of fire hits you!
* * * LOW HITPOINT WARNING * * *
You hit the orc sorcerer but do no damage.
The orc sorcerer is heavily wounded.
You block the orc sorcerer's attack.
You barely miss the orc sorcerer.
The orc sorcerer is heavily wounded.
The orc sorcerer casts a spell at you. The bolt of fire hits you!
You die...

.......##.........#
.........[.....#.##
........)[...#####
........[)#..######
..[)....###....#..##
..[[.......#.......#
..................##
#.................#####
...[.)..........@..##.##
#..<>[..........o......#
...)...............##.##
...................####
..................#####
...................##.##
.................∩.....#
...................^#.##
.....................##


You could see an orc sorcerer.

Vanquished Creatures
  An orc knight (Orc:1)
  A deep elf mage (D:6)
  The ghost of Philosophy the Spear-Bearer, a novice MfGl (D:5)
  3 trolls (Orc:1)
  Grinder (D:3)
  Prince Ribbit (D:6)
  4 yaks
  A hungry ghost (D:7)
  A hog (D:8)
  3 wargs
  Edmund (D:4)
  2 water moccasins
  A sky beast (D:7)
  An ice beast (D:8)
  A black bear (D:6)
  6 orc warriors
  3 phantoms
  5 ogres
  3 centaurs
  A crocodile (D:9)
  A big kobold (D:6)
  2 bullfrogs
  4 killer bees (D:9)
  A crimson imp (D:6)
  2 jellies (D:6)
  A hound (D:7)
  A quasit (D:6)
  A centaur skeleton (D:4)
  7 orc priests
  5 orc wizards
  Ijyb (D:3)
  Terence (D:3)
  An iguana (D:7)
  6 worker ants
  A killer bee zombie (D:8)
  A hound zombie (D:6)
  6 gnolls
  5 adders
  A howler monkey skeleton (D:4)
  2 shadow imps
  An ooze (D:5)
  An adder skeleton (D:7)
  A worm (D:3)
  A dart slug (D:3)
  5 leopard geckos
  21 orcs
  7 bats
  3 giant cockroaches
  6 hobgoblins
  2 jackals (D:1)
  4 quokkas
  A ball python (D:1)
  5 frilled lizards
  4 goblins
  A jackal skeleton (D:4)
  6 kobolds
  A leopard gecko skeleton (D:4)
  A quokka zombie (D:6)
  12 rats
174 creatures vanquished.

Vanquished Creatures (collateral kills)
  A hydra (D:9)
  Harold (Orc:1)
  An orc knight (Orc:1)
  An orc sorcerer (Orc:2)
  A cyclops (Orc:1)
  A troll (D:9)
  2 hippogriffs
  A hog (D:8)
  A human (D:8)
  2 hungry ghosts
  A warg (Orc:1)
  8 orc warriors
  An ice beast (D:5)
  3 phantoms
  A centaur (D:6)
  4 ogres
  A crocodile (D:9)
  2 bullfrogs
  2 bullfrog zombies (D:6)
  4 crimson imps
  A hound (D:6)
  2 jellies
  An orc priest (Orc:2)
  10 orc wizards
  A bullfrog skeleton (D:7)
  An iguana (D:9)
  A worker ant (D:7)
  A hound zombie (D:9)
  A gnoll (D:5)
  A howler monkey skeleton (D:6)
  An adder (D:7)
  A river rat (D:9)
  An ooze (D:7)
  20 orcs
  6 bats (D:9)
  A giant cockroach (D:6)
  3 jackals (D:6)
  A jackal skeleton (D:8)
  A leopard gecko skeleton (D:5)
  2 rats (D:9)
96 creatures vanquished.

Vanquished Creatures (others)
  6 battlemagi
  2 ancestors
  9 fungi
  4 plants (D:9)
21 creatures vanquished.

Grand Total: 291 creatures vanquished

Notes
Turn   | Place    | Note
-------+----------+-------------------------------------------
     0 | D:1      | Krapule the Gargoyle Fighter began the quest for the Orb.
     0 | D:1      | Reached XP level 1. HP: 14/14 MP: 1/1
   371 | D:1      | Reached XP level 2. HP: 19/19 MP: 2/2
   800 | D:2      | You fall through a shaft!
  1014 | D:2      | Reached XP level 3. HP: 23/23 MP: 3/3
  1099 | D:2      | Found a burning altar of Makhleb.
  1552 | D:3      | Noticed Terence
  1556 | D:3      | Killed Terence
  1556 | D:3      | Reached XP level 4. HP: 28/28 MP: 4/4
  1659 | D:3      | Noticed Ijyb
  1677 | D:3      | Killed Ijyb
  1808 | D:3      | Noticed Grinder
  1809 | D:3      | Noticed a phantom
  1852 | D:3      | Paralysed by Grinder for 2 turns
  1881 | D:3      | Paralysed by Grinder for 6 turns
  1902 | D:3      | Paralysed by Grinder for 4 turns
  2199 | D:3      | Paralysed by Grinder for 6 turns
  2519 | D:3      | Paralysed by Grinder for 5 turns
  2547 | D:3      | Paralysed by Grinder for 5 turns
  2553 | D:3      | Paralysed by Grinder for 3 turns
  2557 | D:3      | Killed Grinder
  2557 | D:3      | Reached XP level 5. HP: 23/34 MP: 5/5
  2557 | D:3      | Reached XP level 6. HP: 27/39 MP: 6/6
  2565 | D:3      | Found a sacrificial altar of Ru.
  2607 | D:3      | Killed a phantom
  2607 | D:3      | Reached skill level 5 in Shields
  2823 | D:4      | Noticed Edmund
  2837 | D:4      | Killed Edmund
  2837 | D:4      | Reached skill level 5 in Armour
  2837 | D:4      | Reached XP level 7. HP: 41/44 MP: 7/7
  2924 | D:4      | Reached skill level 5 in Fighting
  3548 | D:5      | Entered Level 5 of the Dungeon
  3622 | D:5      | Reached XP level 8. HP: 38/50 MP: 6/8
  3658 | D:5      | Found a staircase to the Ecumenical Temple.
  3668 | Temple   | Entered the Ecumenical Temple
  3845 | Temple   | Became a worshipper of Hepliaklqana the Forgotten
  3887 | D:5      | Reached skill level 5 in Maces & Flails
  4051 | D:5      | Found a stormy altar of Qazlal.
  4101 | D:5      | Reached skill level 1 in Invocations
  4419 | D:5      | Noticed Philosophy's ghost (novice MfGl)
  4447 | D:5      | Killed Philosophy's ghost
  4528 | D:6      | Noticed Prince Ribbit
  4562 | D:6      | Killed Prince Ribbit
  4775 | D:6      | Found Jifaloc's Antique Armour Emporium.
  4992 | D:6      | Reached * piety under Hepliaklqana
  5661 | D:7      | Found a shattered altar of Ashenzari.
  5681 | D:7      | Reached XP level 9. HP: 42/50 MP: 9/11
  5760 | D:7      | Paralysed by fainting for 8 turns
  5786 | D:7      | Paralysed by fainting for 6 turns
  6008 | D:7      | Reached ** piety under Hepliaklqana
  6009 | D:7      | Remembered your ancestor Funestine as a battlemage
  6338 | D:6      | Reached skill level 5 in Invocations
  6374 | D:6      | Noticed a deep elf mage
  6618 | D:6      | Killed a deep elf mage
  6618 | D:6      | Reached XP level 10. HP: 40/57 MP: 14/14
  7022 | D:6      | Bought a heavily runed chain mail for 237 gold pieces
  7032 | D:6      | Identified the +4 chain mail "Maecveh" {rPois rCorr Int-4} (You bought it in a shop on level 6 of the Dungeon)
  7088 | D:8      | Found Desatrast's Food Boutique.
  7147 | D:8      | Found Muar Icw's Food Shoppe.
  7335 | D:8      | Reached *** piety under Hepliaklqana
  7338 | D:8      | Found Jaumioz's Book Boutique.
  7444 | D:8      | Found an opulent altar of Gozag.
  8115 | D:9      | Found a staircase to the Orcish Mines.
  8139 | D:9      | Got a heavily runed scale mail
  8150 | D:9      | Identified the +4 scale mail of the King of the Hill {rPois Dex+2 Stlth-} (You found it on level 9 of the Dungeon)
  8382 | D:9      | Found a snail-covered altar of Cheibriados.
  8488 | D:9      | Noticed an eight-headed hydra
  8497 | D:9      | Killed an eight-headed hydra
  8497 | D:9      | Reached XP level 11. HP: 36/63 MP: 16/16
  8667 | D:9      | Found a glowing silver altar of Zin.
  8829 | D:9      | Found Nafatwedghun's Antique Weapon Boutique.
  8843 | D:9      | Found a staircase to the Lair.
  8936 | Orc:1    | Entered Level 1 of the Orcish Mines
  9008 | Orc:1    | Noticed Harold
  9016 | Orc:1    | Killed Harold
  9224 | Orc:1    | Found Poib's Jewellery Shop.
  9227 | Orc:1    | Reached **** piety under Hepliaklqana
  9722 | Orc:1    | Noticed an orc knight
  9737 | Orc:1    | Killed an orc knight
 10061 | Orc:1    | Noticed a cyclops
 10080 | Orc:1    | Killed a cyclops
 10080 | Orc:1    | Reached skill level 10 in Fighting
 10170 | Orc:1    | Noticed an orc knight
 10185 | Orc:1    | Killed an orc knight
 10185 | Orc:1    | Reached skill level 10 in Armour
 10185 | Orc:1    | Reached skill level 10 in Shields
 10303 | Orc:1    | Found a roughly hewn altar of Beogh.
 10565 | Orc:2    | Entered Level 2 of the Orcish Mines
 10578 | Orc:2    | Noticed an orc warlord
 10578 | Orc:2    | Noticed an orc high priest
 10820 | Orc:2    | Found a roughly hewn altar of Beogh.
 10852 | Orc:2    | Found a staircase to the Elven Halls.
 10869 | Orc:2    | Noticed an orc sorcerer
 10931 | Orc:2    | Paralysed by an orc sorcerer for 5 turns
 10936 | Orc:2    | Killed an orc sorcerer
 10936 | Orc:2    | Reached XP level 12. HP: 64/70 MP: 18/18
 11042 | Orc:2    | Noticed a sun demon
 11057 | Orc:1    | Killed from afar by an orc sorcerer

Skill      XL: |  1  2  3  4  5  6  7  8  9 10 11 |
---------------+----------------------------------+-----
Shields        | 4 5 7 8 9 10 | 10.3
Armour         | 4 5 6 8 9 10 | 10.3
Maces & Flails | 3 4 5 6 7 |  7.8
Fighting       | 4 5 6 8 9 10 | 10.4
Invocations    | 3 5 7 8 |  8.8

Action                   |  1- 3 |  4- 6 |  7- 9 | 10-12 || total
-------------------------+-------+-------+-------+-------++-------
Melee: Flail             |    54 |       |       |       ||    54
       Mace              |    76 |   180 |   380 |   419 ||  1055
Invok: Ancestor Life: Ba |       |       |     1 |       ||     1
       Ancestor Identity |       |       |     1 |       ||     1
Evoke: Wand              |       |       |       |     2 ||     2
  Use: Scroll            |       |       |    10 |     4 ||    14
 Stab: Distracted        |       |       |       |     6 ||     6
  Eat: Bread ration      |     1 |       |       |       ||     1
       Chunk             |       |     2 |    12 |    18 ||    32
       Pizza             |       |       |     1 |       ||     1
       Fruit             |       |       |     2 |       ||     2
Armor: Scale mail        |    82 |    90 |   167 |   218 ||   557
       Chain mail        |       |       |       |    41 ||    41
Dodge: Dodged            |    44 |    33 |    94 |   152 ||   323
Block: Shield            |    71 |    80 |   180 |   316 ||   647
